 Dungeon Crawl Stone Soup version 0.23-a0-389-g4a5eb33 (webtiles) character file.

11953 Garbasso the Thaumaturge (level 11, 0/69 HPs)
             Began as a Deep Elf Fire Elementalist on Oct 29, 2018.
             Was an Elder of Vehumet.
             Slain by a centaur warrior zombie (3 damage)
             ... on level 13 of the Dungeon.
             The game lasted 01:04:50 (14525 turns).

Garbasso the Thaumaturge (DEFE)                    Turns: 14525, Time: 01:04:51

Health: 0/69       AC:  6    Str:  6    XL:     11   Next: 56%
Magic:  4/28       EV: 18    Int: 23    God:    Vehumet [****..]
Gold:   353        SH:  3    Dex: 20    Spells: 14/32 levels left

rFire    . . .     SeeInvis .   b - +9 hunting sling "Nerrymp" {flame, rC+ MR+ Dex+5}
rCold    + . .     Gourm    .   (no shield)
rNeg     . . .     Faith    .   d - +0 robe
rPois    .         Spirit   .   f - +1 hat
rElec    .         Reflect  +   (no cloak)
rCorr    .         Harm     .   (no gloves)
MR       ++...                  (no boots)
Stlth    ++........             q - +3 amulet of reflection
HPRegen  0.21/turn              i - +3 ring of protection
MPRegen  0.21/turn              (no ring)

@: about to teleport, barbed spikes, very slightly contaminated
A: no striking features
a: Renounce Religion


You were on level 13 of the Dungeon.
You worshipped Vehumet.
Vehumet was greatly pleased with you.
You were not hungry.

You visited 1 branch of the dungeon, and saw 12 of its levels.
You also visited: Bailey.

You collected 613 gold pieces.
You spent 260 gold pieces at shops.

Inventory:

Hand Weapons
 a - a +2 scimitar of flaming
 b - the +9 hunting sling "Nerrymp" (weapon) {flame, rC+ MR+ Dex+5}
   (You found it on level 8 of the Dungeon)

   It causes projectiles fired from it to burn those they strike, causing extra
   injury to most foes and up to half again as much damage against particularly
   susceptible opponents.
   It affects your dexterity (+5).
   It protects you from cold.
   It affects your resistance to hostile enchantments.
 O - a +1 dagger of venom
Missiles
 j - a throwing net {=f}
 w - 45 sling bullets (quivered)
Armour
 d - a +0 robe (worn)
 f - a +1 hat (worn)
Magical Staves
 M - an uncursed staff of wizardry
Jewellery
 i - a +3 ring of protection (left hand)
 q - a +3 amulet of reflection (around neck)
 E - an uncursed ring of flight
 J - an uncursed ring of ice
Wands
 e - a wand of disintegration (11)
 m - a wand of random effects (31)
 p - a wand of iceblast (1)
 x - a wand of paralysis (18)
 y - a wand of acid (14)
Scrolls
 g - 7 scrolls of teleportation
 k - 3 scrolls of enchant weapon
 l - 2 scrolls of magic mapping
 t - a scroll of vulnerability {unknown}
 u - 3 scrolls of enchant armour
 A - a scroll of remove curse
 D - a scroll of random uselessness {unknown}
 G - 2 scrolls of identify
Potions
 h - 4 potions of curing
 n - a potion of haste
 o - a potion of lignification
 s - 4 potions of flight
 v - a potion of ambrosia
 z - 5 potions of heal wounds
 C - a potion of mutation {unknown}
 F - 2 potions of resistance
 H - a potion of berserk rage {unknown}
 I - 2 potions of brilliance {unknown}
 L - a potion of experience {unknown}
 N - a potion of might {unknown}
Miscellaneous
 K - a fan of gales
Comestibles
 c - 17 rations


   Skills:
 * Level 8.5 Fighting
 + Level 7.1 Dodging
 - Level 2.4 Stealth
 + Level 11.4 Spellcasting
 + Level 10.0 Conjurations
 - Level 9.0 Fire Magic


You had 14 spell levels left.
You knew the following spells:

 Your Spells              Type           Power        Failure   Level  Hunger
a - Flame Tongue          Conj/Fire      #####        1%          1    None
b - Magic Dart            Conj           ####         1%          1    None
c - Conjure Flame         Conj/Fire      ######..     1%          3    None
d - Sticky Flame          Conj/Fire      ######..     1%          4    None
e - Fireball              Conj/Fire      ######....   1%          5    ####...
f - Iskenderun's Mystic   Conj           ######..     1%          4    None

Your spell library contained the following spells:

 Spells                   Type           Power        Failure   Level  Hunger
 Static Discharge         Conj/Air       #####...     1%          3    None
 Freeze                   Ice            ##..         1%          1    None
 Throw Flame              Conj/Fire      ######       1%          2    None
 Throw Frost              Conj/Ice       #####.       1%          2    None
 Inner Flame              Hex/Fire       ####....     1%          3    None
 Throw Icicle             Conj/Ice       #####...     1%          4    None
 Ozocubu's Armour         Chrm/Ice       ##......     14%         3    None
 Recall                   Summ/Tloc      N/A          14%         3    None
 Summon Ice Beast         Ice/Summ       ##......     43%         4    None
 Aura of Abjuration       Summ           ##........   80%         5    ####...
 Summon Demon             Summ           ##........   80%         5    ####...
 Summon Forest            Summ/Tloc      ##........   80%         5    ####...
 Summon Mana Viper        Hex/Summ       ##......     80%         5    ####...
 Shadow Creatures         Summ           N/A          100%        6    #####..


Dungeon Overview and Level Annotations

Branches:
Dungeon (11/15)            Temple (0/1) D:4            Lair (0/6) D:10
    Orc: D:9-12

Altars:
Dithmenos
Elyvilon
Fedhas
Gozag
Kikubaaqudgha
Makhleb
Qazlal
Sif Muna
Vehumet
Wu Jian
Xom
Yredelemnul
Zin
The Shining One

Shops:
D:6 *

Annotations:
D:10 exclusion: orange crystal statue


Message History

The barbs in your skin will harm you if you move.
Continue?
Okay, then.
Blink to where?
Press: ? - help, Dir - move target cursor
As you read the scroll of blinking, it crumbles to dust.
A cyclops comes into view.
The tengu warrior moves out of view.
As you read the scroll of teleportation, it crumbles to dust.
You feel strangely unstable.
The cyclops shouts!
The cyclops throws a large rock.
The large rock misses you.
As you read the scroll of fear, it crumbles to dust.
You assume a fearsome visage.
The cyclops looks frightened!
The centaur warrior zombie is unaffected.
The centaur warrior looks frightened!
The centaur warrior shouts!
The centaur looks frightened!
The centaur warrior looks desperately for an escape route.
The centaur warrior zombie hits you.
You die...

#.....##...HQ.
##.....##c..Y..
#.........YY..Y
#....#.ยง..#....
#.....(........
#..............
#.....####....#
####.#Z#####
#####
#..(..@...C#
#.............
#..c.......###
#..........#
########.### .#
##


You could see a centaur warrior (fleeing), a cyclops (fleeing), a centaur
(fleeing) and a centaur warrior zombie.

Vanquished Creatures
  An orc warlord (Bailey)
  Erica (D:8)
  A two-headed ogre (D:11)
  A centaur zombie (D:11)
  A queen bee (D:9)
  Prince Ribbit (D:8)
  A meliai zombie (D:11)
  A shadow (D:11)
  A wraith (D:10)
  15 yaks
  A steam dragon (D:8)
  3 vampire mosquitoes (D:8)
  5 water moccasins
  A black bear (D:8)
  6 orc warriors
  3 ice beasts
  2 phantoms (D:5)
  7 sky beasts
  3 ogres
  3 centaurs
  2 big kobolds (D:10)
  7 bullfrogs
  A scorpion (D:5)
  A wyvern skeleton (D:9)
  15 killer bees (D:9)
  2 howler monkeys (D:4)
  2 vampire bats (D:7)
  An electric eel (D:10)
  3 crimson imps
  4 hounds
  3 orc priests
  12 orc wizards
  2 centaur skeletons
  A jelly (D:7)
  3 bullfrog skeletons
  A gnoll shaman (D:7)
  4 iguanas
  7 worker ants
  A hound zombie (D:7)
  2 hound skeletons (D:4)
  A howler monkey skeleton (D:8)
  8 gnolls
  8 adders
  2 shadow imps
  3 oozes
  An adder zombie (D:5)
  2 worms (D:4)
  5 dart slugs
  10 leopard geckos
  35 orcs
  6 bats
  4 bat skeletons (D:7)
  A bat zombie (D:7)
  2 giant cockroaches
  7 goblins
  12 hobgoblins
  12 jackals
  37 kobolds
  5 quokkas
  2 ball pythons
  6 frilled lizards
  A leopard gecko skeleton (D:4)
  10 rats
312 creatures vanquished.

Vanquished Creatures (others)
  A jelly (D:8)
  A bullfrog skeleton (D:11)
2 creatures vanquished.

Grand Total: 314 creatures vanquished

Notes
Turn   | Place    | Note
-------+----------+-------------------------------------------
     0 | D:1      | Garbasso the Deep Elf Fire Elementalist began the quest for
                  | the Orb.
     0 | D:1      | Reached XP level 1. HP: 10/10 MP: 6/6
    82 | D:1      | Reached XP level 2. HP: 15/15 MP: 6/8
   113 | D:1      | Learned a level 2 spell: Throw Flame
   749 | D:1      | Reached XP level 3. HP: 19/19 MP: 7/10
   778 | D:1      | Learned a level 3 spell: Conjure Flame
  1616 | D:3      | Found a radiant altar of Vehumet.
  1616 | D:3      | Found an ornate altar of the Wu Jian Council.
  1628 | D:3      | Became a worshipper of Vehumet
  1678 | D:3      | Reached XP level 4. HP: 24/24 MP: 6/11
  1747 | D:3      | Learned a level 4 spell: Sticky Flame
  1793 | D:3      | Found a blossoming altar of Fedhas.
  2228 | D:3      | Reached skill level 4 in Spellcasting
  2412 | D:3      | Found a burning altar of Makhleb.
  2412 | D:3      | Found a shimmering altar of Xom.
  2418 | D:3      | Reached skill level 1 in Fighting
  2696 | D:4      | Reached XP level 5. HP: 13/29 MP: 8/13
  2876 | D:4      | Found an opulent altar of Gozag.
  3049 | D:4      | Found a stormy altar of Qazlal.
  3229 | D:4      | Reached XP level 6. HP: 18/34 MP: 1/15
  3499 | D:4      | Noticed a sky beast
  3508 | D:4      | Killed a sky beast
  3508 | D:4      | Reached skill level 5 in Spellcasting
  3898 | D:4      | Found a shadowy altar of Dithmenos.
  4036 | D:4      | Reached skill level 5 in Conjurations
  4068 | D:4      | Learned a level 5 spell: Fireball
  4122 | D:4      | Found a staircase to the Ecumenical Temple.
  4190 | D:4      | Reached * piety under Vehumet
  4190 | D:4      | Offered knowledge of Sting by Vehumet.
  4363 | D:4      | Reached skill level 5 in Fire Magic
  4612 | D:4      | Reached XP level 7. HP: 40/40 MP: 16/16
  4635 | D:5      | Entered Level 5 of the Dungeon
  4744 | D:5      | HP: 1/40 [orc priest/divine providence (14)]
  5543 | D:5      | Reached skill level 6 in Spellcasting
  5584 | D:5      | Reached XP level 8. HP: 30/45 MP: 0/19
  6567 | D:6      | Found Ushaefub's Assorted Antiques.
  6588 | D:6      | Bought 2 potions of heal wounds for 260 gold pieces
  6618 | D:6      | Reached skill level 7 in Spellcasting
  6809 | D:6      | Offered knowledge of Magic Dart by Vehumet.
  6812 | D:6      | Learned a level 1 spell: Magic Dart
  6985 | D:6      | Reached ** piety under Vehumet
  7395 | D:6      | Reached XP level 9. HP: 52/52 MP: 8/22
  8022 | D:7      | Found a white marble altar of Elyvilon.
  8283 | D:7      | Found an ancient bone altar of Kikubaaqudgha.
  8373 | D:7      | Reached skill level 8 in Spellcasting
  8424 | D:7      | Offered knowledge of Stone Arrow by Vehumet.
  8812 | D:8      | Noticed Prince Ribbit
  8828 | D:8      | Killed Prince Ribbit
  8918 | D:8      | Reached skill level 5 in Fighting
  8918 | D:8      | Reached skill level 9 in Spellcasting
  9058 | D:8      | Reached *** piety under Vehumet
  9215 | D:8      | Got a polished hunting sling
  9216 | D:8      | Identified the +9 hunting sling "Nerrymp" {flame, rC+ MR+
                  | Dex+5} (You found it on level 8 of the Dungeon)
  9594 | D:8      | Noticed Erica
  9620 | D:8      | Killed Erica
  9620 | D:8      | Reached XP level 10. HP: 47/60 MP: 14/25
  9933 | D:8      | Found a deep blue altar of Sif Muna.
 10308 | D:8      | Found a basalt altar of Yredelemnul.
 10313 | D:8      | Noticed a profane servitor
 10341 | D:8      | Found a glowing golden altar of the Shining One.
 10343 | D:8      | Noticed an angel
 10418 | D:9      | Offered knowledge of Iskenderun's Mystic Blast by Vehumet.
 10498 | D:8      | Learned a level 4 spell: Iskenderun's Mystic Blast
 10890 | D:9      | Reached skill level 10 in Spellcasting
 11231 | D:9      | Reached skill level 5 in Dodging
 11258 | D:9      | Reached **** piety under Vehumet
 11935 | D:9      | Found a glowing silver altar of Zin.
 11986 | D:9      | Found a glowing silver altar of Zin.
 12098 | D:10     | Entered Level 10 of the Dungeon
 12152 | D:10     | Found a staircase to the Lair.
 12208 | D:10     | Found a flagged portal.
 12222 | Bailey   | Entered a bailey
 12227 | Bailey   | Noticed an orc warlord
 12237 | Bailey   | Offered knowledge of Static Discharge by Vehumet.
 12375 | Bailey   | Found a runed gate.
 12375 | Bailey   | Found a runed gate.
 12375 | Bailey   | Found a runed gate.
 12666 | Bailey   | Killed an orc warlord
 12666 | Bailey   | Reached XP level 11. HP: 64/67 MP: 5/27
 12848 | Bailey   | Identified a scroll of acquirement
 13272 | D:10     | Noticed an orange crystal statue
 13497 | D:11     | Noticed a two-headed ogre
 13516 | D:11     | Killed a two-headed ogre
 13516 | D:11     | Reached skill level 11 in Spellcasting
 13518 | D:11     | Noticed a seven-headed hydra
 13518 | D:11     | Noticed a five-headed hydra
 14477 | D:10     | You fall through a shaft for 3 floors!
 14491 | D:13     | Reached skill level 10 in Conjurations
 14522 | D:13     | Noticed a centaur warrior
 14522 | D:13     | HP: 3/69 [centaur/arrow[a centaur warrior] (10)]
 14523 | D:13     | Noticed a tengu warrior
 14525 | D:13     | Slain by a centaur warrior zombie

Vault maps used:
D:1:      mushboom_english_gardens
D:3:      grunt_temple_overflow_champion_of_chaos,
          nicolae_overflow_crystal_walls,
          chequers_temple_overflow_statue_of_worship
D:4:      grunt_qazlal_sundering, nicolae_gozag_seed_capital,
          nicolae_dithmenos_the_darkroom, temple_statues, first_ration,
          st_stairs_9, kennysheep_generic_room_9
D:6:      serial_shops, nicolae_shop_window_shopping, feat_on_display
D:7:      kennysheep_vampire_church, basic_altar
D:8:      grunt_temple_overflow_holy_war, led_sif_book, uniq_erica,
          uniq_prince_ribbit1
D:9:      zin_scriptorium, basic_altar, david_nohive_1
D:10:     dpeg_oklobed_lair, enter_bailey_6, serial_glass, glass_columns_b,
          glass_columns_a, minmay_crystal_water, minivault_16, minmay_radiant
D:11:     erik_orc_3, lemuel_flamethrower_1
D:13:     hangedman_vaults_entry_quadrant_bands, serial_rivers,
          chequers_serial_rivers_micro_b, chequers_serial_rivers_large_a,
          chequers_serial_rivers_micro_e, chequers_serial_rivers_marsh,
          portal_ice_cave_demonic_guard, skrybe_limestone_x
Bailey:   bailey_axe_bossmonster_kennysheep, bailey

Skill      XL: |  1  2  3  4  5  6  7  8  9 10 11 |
---------------+----------------------------------+-----
Conjurations   | 2 3 4 5 6 8 9 10 | 10.0
Spellcasting   | 4 5 6 7 9 10 11 | 11.4
Fire Magic     | 4 5 6 8 9 |  9.0
Fighting       | 1 2 4 5 7 8 |  8.5
Dodging        | 3 6 7 |  7.1
Stealth        | |  2.4

Action                   |  1- 3 |  4- 6 |  7- 9 | 10-12 || total
-------------------------+-------+-------+-------+-------++-------
Melee: Spear             |     4 |    37 |   137 |       ||   178
       Scimitar          |       |       |       |    14 ||    14
 Fire: Hunting sling     |       |       |     6 |   101 ||   107
Throw: Stone             |    16 |       |       |       ||    16
 Cast: Flame Tongue      |    37 |    48 |   109 |   162 ||   356
       Throw Flame       |    28 |    20 |    17 |       ||    65
       Sticky Flame      |       |     8 |    22 |    26 ||    56
       Conjure Flame     |       |     2 |    23 |    35 ||    60
       Fireball          |       |       |     9 |    17 ||    26
       Magic Dart        |       |       |    22 |    30 ||    52
 Abil: Evoke Flight      |       |       |       |     4 ||     4
       Stop Flying       |       |       |       |     1 ||     1
Evoke: Wand              |       |       |     3 |       ||     3
  Use: Potion            |       |       |     5 |     1 ||     6
       Scroll            |       |       |    15 |    12 ||    27
 Stab: Sleeping          |       |     1 |     2 |     2 ||     5
  Eat: Chunk             |     3 |    10 |     9 |    16 ||    38
       Ration            |       |       |     3 |     1 ||     4
Armor: Robe              |     2 |     2 |    13 |    10 ||    27
       Skin              |       |       |    21 |       ||    21
Dodge: Dodged            |    18 |    36 |    76 |    92 ||   222
Block: Other             |       |       |       |    11 ||    11
       Reflection        |       |       |       |     4 ||     4
       Rpst.: Scimitar   |       |       |       |    15 ||    15

Table legend:
 A = Non-vault XP
 B = Vault XP
 C = Vault XP percentage of total XP
 D = Non-vault monster count
 E = Vault monster count
 F = Vault count percentage of total count
                 A         B        C        D         E       F
            +---------+---------+-------+---------+---------+-------
      Total |   12114 |    4963 |  29.1 |     247 |      65 |  20.8
            +---------+---------+-------+---------+---------+-------
        D:1 |      49 |       0 |   0.0 |      27 |       0 |   0.0
        D:2 |      23 |       0 |   0.0 |      12 |       0 |   0.0
        D:3 |      65 |      50 |  43.5 |      20 |       1 |   4.8
        D:4 |     408 |     139 |  25.4 |      24 |       3 |  11.1
        D:5 |    1048 |       0 |   0.0 |      27 |       0 |   0.0
        D:6 |    1192 |       0 |   0.0 |      21 |       0 |   0.0
        D:7 |     694 |     117 |  14.4 |      21 |       7 |  25.0
        D:8 |    2052 |    1237 |  37.6 |      26 |       4 |  13.3
        D:9 |    1390 |    1204 |  46.4 |      16 |      16 |  50.0
       D:10 |    1855 |       0 |   0.0 |      29 |       0 |   0.0
       D:11 |    2143 |      57 |   2.6 |      14 |       7 |  33.3
       D:13 |    1195 |       0 |   0.0 |      10 |       0 |   0.0
     Bailey |       0 |    2159 | 100.0 |       0 |      27 | 100.0
            +---------+---------+-------+---------+---------+-------
